 Dungeon Crawl Stone Soup version 0.24-a0-423-g6870c0f642 (webtiles) character file.

Game seed: 10865367411896243177

75578 Flugkiller the Fighter (level 15, -1/124 HPs)
             Began as a Mummy Arcane Marksman on June 13, 2019.
             Was an Initiate of Gozag.
             Killed by dispel undead
             ... invoked by Josephine
              (33 damage)
             ... on level 13 of the Dungeon.
             The game lasted 01:06:44 (45620 turns).

Flugkiller the Fighter (Mummy Arcane Marksman)     Turns: 45620, Time: 01:06:44

Health: -1/124     AC: 16    Str: 25    XL:     15   Next: 10%
Magic:  19/19      EV: 31    Int: 17    God:    Gozag
Gold:   2596       SH:  0    Dex:  9    Spells: 7/20 levels left

rFire    + . .     SeeInvis .   C - +7 flail of Cheibriados's Approval {elec, rElec rPois}
rCold    + + .     Gourm    .   (no shield)
rNeg     + + +     Faith    .   I - +4 robe of Nemelex Xobeh's Envy {Stlth+}
rPois    ∞         Spirit   .   H - +2 hat
rElec    +         Reflect  .   e - +2 cloak {MR+}
rCorr    .         Harm     .   t - +1 pair of gloves of the Hills {rElec rF+}
MR       ++...                  (no boots)
Stlth    ++........             u - amulet of the acrobat
HPRegen  0.30/turn              r - +3 ring of protection
MPRegen  0.16/turn              M - ring of Fialom {rF+ rC+ Str+10 Dex-4}

@: acrobat, very slightly contaminated
A: no food or potions, fire vulnerability, cold resistance 1, negative energy
resistance 3, torment resistance, unbreathing, in touch with death 1
a: Potion Petition, Call Merchant, Bribe Branch, Renounce Religion


You were on level 13 of the Dungeon.
You worshipped Gozag.
Gozag was most pleased with you.
You were not hungry.

You visited 3 branches of the dungeon, and saw 22 of its levels.
You also visited: Ossuary and Gauntlet.

You collected 6269 gold pieces.
You spent 988 gold pieces at shops.
You paid 2685 gold pieces to Gozag.

Inventory:

Hand Weapons
 w - a +0 lajatang
   (You found it on level 6 of the Dungeon)
 C - the +7 flail of Cheibriados's Approval (weapon) {elec, rElec rPois}
   (You bought it in a shop on level 4 of the Dungeon)

   Occasionally, upon striking a foe, it will discharge some electrical energy
   and cause terrible harm.
   It insulates you from electricity.
   It protects you from poison.
 R - the +9 falchion "Arbiter" {freeze, Stlth+}
   (You took it off a minotaur in a Gauntlet)

   It has been specially enchanted to freeze those struck by it, causing extra
   injury to most foes and up to half again as much damage against particularly
   susceptible opponents.
   It can also slow down cold-blooded creatures.
   It makes you more stealthy.
Missiles
 d - 6 throwing nets
 g - 279 stones
 q - 15 atropa-tipped darts
 x - a javelin
 A - 12 boomerangs
 B - 13 poisoned darts (quivered)
 K - 3 silver boomerangs
 Q - 9 silver javelins
Armour
 e - a +2 cloak of magic resistance (worn)
   (You took it off Crazy Yiuf on level 5 of the Dungeon)
 t - the +1 pair of gloves of the Hills (worn) {rElec rF+}
   (You found it on level 5 of the Dungeon)

   It protects you from fire.
   It insulates you from electricity.
 H - a +2 hat (worn)
   (You found it on level 11 of the Dungeon)
 I - the +4 robe of Nemelex Xobeh's Envy (worn) {Stlth+}
   (You found it on level 6 of the Lair of Beasts)

   It makes you more stealthy.
Jewellery
 f - an uncursed ring of magical power
   (You found it on level 3 of the Dungeon)
 o - a +3 ring of intelligence
   (You found it on level 4 of the Dungeon)
 r - a +3 ring of protection (left hand)
   (You found it on level 4 of the Dungeon)
 u - an amulet of the acrobat (around neck)
   (You found it on level 1 of the Lair of Beasts)
 F - an uncursed ring of see invisible
   (You found it on level 10 of the Dungeon)
 M - the ring of Fialom (right hand) {rF+ rC+ Str+10 Dex-4}
   (You found it in a Gauntlet)

   [ring of protection from fire]

   It affects your strength (+10).
   It affects your dexterity (-4).
   It protects you from fire.
   It protects you from cold.
 O - an uncursed amulet of harm
   (You found it in a Gauntlet)
 S - an uncursed ring of fire {unknown}
   (You found it in a Gauntlet)
Wands
 a - a wand of clouds (6)
   (You found it on level 12 of the Dungeon)
 c - a wand of digging (6)
   (You found it on level 8 of the Dungeon)
 j - a wand of flame (63)
   (You took it off an orc warrior on level 9 of the Dungeon)
 p - a wand of enslavement (5)
   (You found it on level 4 of the Lair of Beasts)
 y - a wand of disintegration (10)
   (You found it on level 6 of the Lair of Beasts)
 G - a wand of iceblast (9)
   (You found it on level 6 of the Lair of Beasts)
 L - a wand of acid (11)
   (You found it on level 14 of the Dungeon)
Scrolls
 b - a scroll of immolation
 h - 7 scrolls of remove curse
 i - 5 scrolls of fog
 k - a scroll of amnesia
 l - a scroll of magic mapping
 m - 4 scrolls of identify
 n - 2 scrolls of blinking
 s - 7 scrolls of teleportation
 v - 2 scrolls of vulnerability
 z - 3 scrolls of summoning
 D - 7 scrolls of enchant armour
 E - 2 scrolls of enchant weapon
 N - a scroll of silence
Miscellaneous
 J - a lightning rod (4/4)
   (You found it on level 12 of the Dungeon)


   Skills:
 + Level 13.2 Fighting
 + Level 12.2 Maces & Flails
   Level 1.8 Polearms
 - Level 8.0 Throwing
 - Level 10.0 Dodging
 - Level 3.1 Spellcasting
 - Level 9.0 Hexes
 - Level 2.0 Fire Magic
 - Level 5.0 Evocations


You had 7 spell levels left.
You knew the following spells:

 Your Spells              Type           Power        Failure   Level  Hunger
a - Corona                Hex            ####...      1%          1    N/A
b - Slow                  Hex            ####....     1%          2    N/A
c - Inner Flame           Hex/Fire       ###.....     5%          3    N/A
d - Cause Fear            Hex            ####......   4%          4    N/A
e - Spectral Weapon       Hex/Chrm       ###.....     9%          3    N/A

Your spell library contained the following spells:

 Spells                   Type           Power        Failure   Level  Hunger
 Portal Projectile        Hex/Tloc       ###...       9%          3    N/A
 Animate Skeleton         Necr           N/A          17%         1    N/A
 Infusion                 Chrm           #...         17%         1    N/A
 Pain                     Necr           #...         17%         1    N/A
 Sandblast                Erth           #.....       17%         1    N/A
 Summon Butterflies       Summ           #.......     17%         1    N/A
 Throw Flame              Conj/Fire      #.....       17%         2    N/A
 Call Imp                 Summ           #.......     26%         2    N/A
 Passwall                 Tmut/Erth      #.......     26%         2    N/A
 Shroud of Golubria       Chrm/Tloc      #.....       26%         2    N/A
 Song of Slaying          Chrm           #.......     26%         2    N/A
 Leda's Liquefaction      Hex/Erth       ###.......   26%         4    N/A
 Conjure Flame            Conj/Fire      #.......     34%         3    N/A
 Stone Arrow              Conj/Erth      #.....       45%         3    N/A
 Vampiric Draining        Necr           #.........   45%         3    N/A
 Animate Dead             Necr           N/A          86%         4    N/A
 Petrify                  Tmut/Erth      #.......     86%         4    N/A
 Summon Lightning Spire   Summ/Air       #.......     86%         4    N/A
 Irradiate                Conj/Tmut      #.........   99%         5    N/A
 Lee's Rapid Deconstruct  Erth           #.........   99%         5    N/A
 Spellforged Servitor     Conj/Summ      #.........   100%        7    N/A
 Regeneration             Chrm/Necr      Unusable     N/A         3    N/A
 Hydra Form               Tmut           Unusable     N/A         6    N/A
 Statue Form              Tmut/Erth      Unusable     N/A         6    N/A
 Dragon Form              Tmut           Unusable     N/A         7    N/A

Dungeon Overview and Level Annotations

Branches:
Dungeon (15/15) Temple (1/1) D:6 Lair (6/6) D:10 Shoals (0/4) Lair:4 Spider (0/4) Lair:4 Slime (0/5) Lair:5 Orc (0/2) D:11 Vaults (0/5) D:12 D:13 Depths: D:15

Altars:
Cheibriados
Dithmenos
Elyvilon
Fedhas
Gozag
Hepliaklqana
Nemelex Xobeh
Ru
Trog
Uskayaw
Vehumet
Wu Jian
Xom
Yredelemnul
Zin
The Shining One
Jiyva

Shops:
D:4 (   D:11 ?[   Lair:5 :

Annotations:
D:4 2 transporters, Eustachio
D:13 Jorgrun, Josephine
D:14 Louise
Lair:5 exclusion: 4 oklob plants


Innate Abilities, Weirdness & Mutations

You do not eat or drink.
Your flesh is vulnerable to fire.
You are immune to poison.
Your flesh is cold resistant. (rC+)
You are immune to negative energy. (rN+++)
You are immune to unholy pain and torment.
You can survive without breathing.
You are in touch with the powers of death.


Message History

Casting: Slow (safe; 1% risk of failure)
Confirm with . or Enter, or press ? or * to list all spells.
Aiming: Slow (safe; 1% risk of failure)
Press: ? - help, Shift-Dir - straight line, f - catoblepas
Aim: a catoblepas (chance to defeat MR: 11%)
Okay, then.
Jorgrun gestures at you while chanting.
Roots burst forth from the earth!
The grasping roots grab you! The grasping roots constrict you!
The roots' grasp on you weakens, but your attempt to escape fails.
Jorgrun casts a spell at you. The iron shot hits you!!!
* * * LOW HITPOINT WARNING * * *
* * * LOW HITPOINT WARNING * * *
The grasping roots constrict you!
The catoblepas breathes a plume of calcifying dust at you.
The blast of calcifying dust hits you!
* * * LOW HITPOINT WARNING * * *
The roots' grasp on you weakens, but your attempt to escape fails.
You are engulfed in calcifying dust.
Jorgrun says, "I've ne'er se'n tha particular type o' rock formation 'fore."
Jorgrun gestures at you while chanting. The iron shot misses you.
* * * LOW HITPOINT WARNING * * *
The grasping roots constrict you!
The catoblepas breathes a plume of calcifying dust at you.
The blast of calcifying dust hits you.
* * * LOW HITPOINT WARNING * * *
Blink to where?
Press: ? - help, Dir - move target cursor You escape the roots' grasp.
You are very lightly contaminated with residual magic.
As you read the scroll of blinking, it crumbles to dust.
You hear a grinding noise.
Found 22 gold pieces.
You hear a grinding noise.
You hear a grinding noise.
Jorgrun casts a spell at the rock wall.
Some rock shatters into small pieces.
A wraith comes into view.
Josephine shouts!
Jorgrun gestures at you while chanting. You resist with almost no effort.
Josephine misses you. Josephine barely misses you.
Josephine gestures at you while chanting.
You convulse!
You die...
Your body crumbles into a pile of gold.

.. .....# ##.# ... .....# #.#
#.####..####(# #............# ###
#............# .....
#............# ....
#............# .. #..#
#.....<>.....# ..#
#..####...@.∩<(....# ..#
#........@.........# .$#
#.........W......(.# ..#
##..........W.......# ..#
#...................# .
..####....g.........####.######..
.................................
...........(.....................
..####..............####..>......


You could see Jorgrun, Josephine and 2 wraiths.

Vanquished Creatures
  Rupert (D:13)
  Gastronok (Lair:2)
  Nessos (D:13)
  A minotaur (Gauntlet)
  Snorg (Lair:4)
  2 fire dragons (Lair:6)
  Harold (D:8)
  2 centaur warriors
  3 hydras
  A tengu warrior (D:12)
  11 death yaks
  5 two-headed ogres
  2 thrashing horrors (Gauntlet)
  An unseen horror (D:12)
  A swamp dragon (Lair:6)
  2 lindwurms (Lair:6)
  Pikel (D:8)
  A deep elf mage (D:12)
  An orc knight (D:12)
  4 cyclopes
  A centaur zombie (D:14)
  26 elephants
  A guardian serpent (shapeshifter) (D:12)
  4 black mambas
  9 spiny frogs
  6 torpor snails
  A rime drake (shapeshifter) (D:12)
  5 rime drakes
  An efreet (D:12)
  A kobold demonologist (D:12)
  6 komodo dragons
  A tengu conjurer (D:14)
  5 polar bears
  3 meliai (D:15)
  6 hornets (Lair:6)
  2 trolls (D:9)
  3 tyrant leeches (Lair:6)
  11 hippogriffs
  12 dream sheep
  11 blink frogs
  A vampire (D:12)
  4 wraiths
  A redback (Lair:4)
  4 hogs (D:7)
  5 basilisks
  19 yaks
  2 wyverns
  A shadow (D:12)
  4 steam dragons
  17 humans
  4 hungry ghosts
  Menkaure (D:7)
  A soldier ant (D:12)
  2 acid dragons (Lair:6)
  3 swamp worms (Gauntlet)
  7 water moccasins
  3 porcupines
  4 ice beasts
  2 sky beasts
  A slave (D:8)
  7 orc warriors
  A black bear (Lair:1)
  18 wolves
  A necrophage (D:12)
  4 centaurs
  4 small abominations (Gauntlet)
  5 ogres
  11 crocodiles
  Blork the orc (D:6)
  8 bullfrogs
  A wyvern zombie (D:10)
  A gnoll sergeant (D:9)
  An elf skeleton (D:5)
  2 water moccasin zombies (Ossuary)
  2 scorpions
  10 wights
  6 electric eels
  2 howler monkeys
  5 crimson imps
  A bullfrog zombie (D:10)
  A human zombie (D:5)
  4 jellies
  3 orc priests
  A bullfrog skeleton (D:11)
  10 hounds
  Crazy Yiuf (D:5)
  A centaur skeleton (D:9)
  2 human skeletons (D:5)
  3 iguanas
  9 orc wizards
  5 hell rats (Lair:2)
  12 worker ants
  2 big kobold zombies (Ossuary)
  2 mummies (Ossuary)
  A howler monkey zombie (D:7)
  11 gnolls
  15 adders
  4 river rats (Lair:2)
  2 shadow imps
  2 oozes
  7 adder zombies (Ossuary)
  3 worms (D:3)
  4 dart slugs
  7 leopard geckos
  53 orcs
  9 giant cockroaches
  4 goblins
  6 hobgoblins
  5 jackals
  6 quokkas
  6 bats
  7 frilled lizards
  2 gnoll zombies (Ossuary)
  3 hobgoblin zombies (Ossuary)
  9 kobolds
  3 kobold zombies (Ossuary)
  A leopard gecko zombie (D:8)
  An orc skeleton (D:5)
  6 orc zombies
  A quokka skeleton (D:6)
  9 rats
  3 plants
581 creatures vanquished.

Vanquished Creatures (others)
  A swamp drake (Lair:6)
  A slave (D:8)
  A hound zombie (D:8)
  A shadow imp (D:8)
  A bush (Lair:6)
  21 fungi
  27 plants
  7 spectral weapons
60 creatures vanquished.

Grand Total: 641 creatures vanquished

Notes
Turn   | Place    | Note
-------+----------+-------------------------------------------
     0 | D:1      | Flugkiller the Mummy Arcane Marksman began the quest for
                  | the Orb.
     0 | D:1      | Reached XP level 1. HP: 15/15 MP: 2/2
   488 | D:1      | Reached XP level 2. HP: 13/21 MP: 0/4
   673 | D:1      | Learned a level 2 spell: Slow
  2039 | D:1      | Reached skill level 2 in Fighting
  2579 | D:2      | Reached XP level 3. HP: 20/27 MP: 2/5
  3547 | D:2      | Reached XP level 4. HP: 9/34 MP: 2/6
  3911 | D:2      | acid pogchamp
  5345 | D:3      | Reached skill level 3 in Fighting
  7441 | D:3      | Reached XP level 5. HP: 22/41 MP: 7/7
  7807 | D:3      | Learned a level 3 spell: Inner Flame
  8134 | D:4      | Found a transporter.
  8393 | D:3      | Reached skill level 4 in Fighting
  8393 | D:3      | Reached skill level 1 in Fire Magic
  8393 | D:3      | Reached XP level 6. HP: 24/48 MP: 9/9
  8739 | D:4      | Found Pozeb's Antique Weapon Shoppe.
  8913 | D:4      | Found a sparkling altar of Nemelex Xobeh.
  9018 | D:4      | Noticed Eustachio
  9130 | D:4      | Found a transporter.
  9203 | D:5      | Entered Level 5 of the Dungeon
  9210 | D:5      | Reached XP level 7. HP: 55/55 MP: 11/11
  9248 | D:5      | Got a pair of polished gloves
  9259 | D:5      | Identified the +1 pair of gloves of the Hills {rElec rF+}
                  | (You found it on level 5 of the Dungeon)
  9277 | D:5      | Reached skill level 5 in Fighting
  9277 | D:5      | Reached skill level 5 in Hexes
  9496 | D:5      | Found a sand-covered staircase.
  9580 | Ossuary  | Entered an ossuary
  9703 | Ossuary  | Reached XP level 8. HP: 53/62 MP: 12/12
 10650 | D:6      | Found a runed translucent door.
 10651 | D:6      | Noticed Crazy Yiuf
 10860 | D:6      | Found a staircase to the Ecumenical Temple.
 10867 | Temple   | Entered the Ecumenical Temple
 10995 | Temple   | Became a worshipper of Gozag Ym Sagoz the Greedy
 11056 | D:6      | Reached skill level 6 in Fighting
 11109 | D:6      | Noticed Blork the orc
 11119 | D:6      | Killed Blork the orc
 11626 | D:6      | Noticed a hippogriff
 11633 | D:6      | Killed a hippogriff
 11633 | D:6      | Reached skill level 7 in Fighting
 11633 | D:6      | Reached XP level 9. HP: 50/72 MP: 13/13
 12027 | D:5      | Paralysed by Crazy Yiuf for 6 turns
 12046 | D:5      | Paralysed by Crazy Yiuf for 4 turns
 12365 | D:5      | Killed Crazy Yiuf
 13310 | D:7      | Reached skill level 5 in Dodging
 13489 | D:7      | Noticed Menkaure
 13499 | D:7      | Killed Menkaure
 13632 | D:7      | Reached skill level 8 in Fighting
 14189 | D:8      | Reached skill level 9 in Fighting
 14370 | D:8      | Noticed Pikel
 14407 | D:8      | Killed Pikel
 14407 | D:8      | Reached XP level 10. HP: 69/85 MP: 14/14
 14541 | D:8      | Noticed Harold
 14554 | D:8      | Killed Harold
 14554 | D:8      | Reached skill level 10 in Fighting
 14871 | D:8      | Found an ornate altar of the Wu Jian Council.
 15435 | D:9      | Reached skill level 1 in Polearms
 15823 | D:4      | Bought a bloodstained flail for 238 gold pieces
 15825 | D:4      | Identified the +7 flail of Cheibriados's Approval {elec,
                  | rElec rPois} (You bought it in a shop on level 4 of the
                  | Dungeon)
 16085 | D:9      | Reached skill level 1 in Maces & Flails
 16874 | D:10     | Entered Level 10 of the Dungeon
 17792 | D:10     | Found a staircase to the Lair.
 17885 | D:10     | Noticed a two-headed ogre
 17908 | D:10     | Killed a two-headed ogre
 17908 | D:10     | Reached XP level 11. HP: 68/92 MP: 15/15
 18120 | D:10     | Noticed a two-headed ogre
 18208 | D:10     | Killed a two-headed ogre
 18591 | D:11     | Found Luimn's Antique Armour Shop.
 18788 | D:11     | Learned a level 4 spell: Cause Fear
 19659 | D:11     | Found a staircase to the Orcish Mines.
 19715 | D:11     | Found Datit's Magic Scroll Shoppe.
 19723 | D:11     | Bought a scroll of teleportation for 36 gold pieces
 19723 | D:11     | Bought a scroll of fog for 24 gold pieces
 19723 | D:11     | Bought a scroll of enchant armour for 90 gold pieces
 19733 | D:11     | Reached skill level 5 in Maces & Flails
 20355 | Lair:1   | Entered Level 1 of the Lair of Beasts
 20546 | Lair:1   | Reached skill level 5 in Throwing
 21407 | Lair:2   | Noticed Gastronok
 21716 | Lair:2   | Killed Gastronok
 23905 | Lair:1   | Reached XP level 12. HP: 83/99 MP: 16/16
 26162 | Lair:4   | Found a staircase to the Shoals.
 26692 | Lair:4   | Found a hole to the Spider Nest.
 27368 | Lair:5   | Noticed Snorg
 28328 | Lair:5   | Reached skill level 11 in Fighting
 28875 | Lair:4   | Killed Snorg
 29117 | Lair:5   | Noticed a five-headed hydra
 29484 | Lair:5   | Killed a five-headed hydra
 29484 | Lair:5   | Gained mutation: You are in touch with the powers of death.
                  | [Mummy growth]
 29484 | Lair:5   | Reached XP level 13. HP: 106/106 MP: 12/17
 29514 | Lair:5   | Found a staircase to the Slime Pits.
 29514 | Lair:5   | Found a viscous altar of Jiyva.
 30131 | Lair:6   | Entered Level 6 of the Lair of Beasts
 32530 | Lair:5   | Found a staircase to the Slime Pits.
 32531 | Lair:5   | Found a viscous altar of Jiyva.
 33013 | Lair:5   | Found a staircase to the Slime Pits.
 33018 | Lair:5   | Found a viscous altar of Jiyva.
 35118 | Lair:6   | Reached skill level 10 in Dodging
 35764 | Lair:5   | Reached skill level 10 in Maces & Flails
 36229 | Lair:5   | Reached skill level 1 in Evocations
 36979 | Lair:5   | Bought a book of Battle for 600 gold pieces
 36983 | Lair:5   | Learned a level 3 spell: Spectral Weapon
 37081 | Lair:6   | Found a runed translucent door.
 37082 | Lair:6   | Noticed a fire dragon
 37813 | Lair:6   | Reached XP level 14. HP: 50/113 MP: 5/18
 39295 | Lair:6   | Got a slimy robe
 39534 | Lair:6   | Identified the +4 robe of Nemelex Xobeh's Envy {Stlth+}
                  | (You found it on level 6 of the Lair of Beasts)
 40369 | D:12     | Got a translucent mace
 40371 | D:12     | Identified the +5 mace "Reget" {crush, MR+ Int-5 Dex+7}
                  | (You found it on level 12 of the Dungeon)
 40448 | D:12     | Reached skill level 5 in Evocations
 41080 | D:12     | Identified the Disquisition on Creative Flames
 41569 | D:12     | Got a scorched jade ring
 41570 | D:12     | Identified the ring "Silaceb" {Ice *Contam +Fly rPois
                  | Str+3} (You found it on level 12 of the Dungeon)
 41746 | D:13     | Found a gate to the Vaults.
 41746 | D:13     | Noticed Nessos
 41749 | D:13     | Noticed Josephine
 43006 | D:12     | Reached skill level 12 in Fighting
 43061 | D:13     | Noticed Rupert
 43071 | D:13     | Killed Rupert
 43382 | D:13     | Killed Nessos
 43453 | D:13     | You fall into a shaft and drop 2 floors!
 43453 | D:15     | Entered Level 15 of the Dungeon
 43791 | D:14     | Noticed Louise
 43891 | D:14     | Found a gate leading to a gauntlet.
 43902 | Gauntlet | Entered a Gauntlet
 43902 | Gauntlet | Found a transporter.
 43912 | Gauntlet | Found a transporter.
 43922 | Gauntlet | Found a transporter.
 43931 | Gauntlet | Found a transporter.
 43947 | Gauntlet | Found a transporter.
 43957 | Gauntlet | Found a transporter.
 43967 | Gauntlet | Found a transporter.
 43972 | Gauntlet | Found a transporter.
 43972 | Gauntlet | Found a transporter.
 43974 | Gauntlet | Found a transporter.
 44004 | Gauntlet | Found a transporter.
 44060 | Gauntlet | Found a transporter.
 44063 | Gauntlet | Found a transporter.
 44073 | Gauntlet | Found a transporter.
 44170 | Gauntlet | Reached skill level 13 in Fighting
 44170 | Gauntlet | Reached XP level 15. HP: 102/123 MP: 14/19
 44749 | Gauntlet | Got a smoking gossamer ring
 44750 | Gauntlet | Identified the ring of Fialom {rF+ rC+ Str+10 Dex-4} (You
                  | found it in a Gauntlet)
 45167 | Gauntlet | Identified the +9 falchion "Arbiter" {freeze, Stlth+}
 45586 | D:13     | Noticed Jorgrun
 45620 | D:13     | Killed from afar by Josephine

Levels and vault maps discovered:
D:1:      dpeg_arrival_chambers_temple_mockup, layout_loops_ring,
          roderic_lattice_a
D:2:      layout_loops_ring, grunt_ministairs_10
D:3:      layout_loops_corners, nrook_mini_vaults
D:4:      gammafunk_steamed_eel, layout_rooms, serial_shops,
          nicolae_shop_crystal, nemelex_spade_bored_becter, uniq_eustachio
D:5:      layout_loops_corners, first_ration, nicolae_ossuary_entry_catacombs
D:6:      layout_basic, minmay_temple_entry_gardened_gates,
          uniq_crazy_yiuf_cottage, uniq_blork_the_orc
D:7:      layout_cave_pools, serial_column_ruins, column_ruins_square_small,
          column_ruins_columns_straight, column_ruins_grid_3,
          column_ruins_corridor_T, column_ruins_corridor_straight,
          column_ruins_grid_3, grunt_livestock, hangedman_decor_riveting,
          uniq_menkaure
D:8:      layout_basic, nicolae_overflow_crystal_walls, uniq_harold, uniq_pikel
D:9:      layout_basic
D:10:     layout_cave_pools, erik_lair_island
D:11:     layout_loops_corners, hiddenorc1_lemuel, serial_shops, shop_statue,
          nicolae_shop_behind_doors
D:12:     minmay_swirls_squares, layout_basic,
          portal_ice_cave_entry_animals_and_master
D:13:     layout_small_grid, david_vaults_3, hangedman_tell_no_tales,
          uniq_rupert, uniq_erolcha, uniq_jorgrun, uniq_josephine
D:14:     layout_stronghold, abandoned_shop, gauntlet_entry_generic,
          uniq_louise, uniq_frances, uniq_agnes
D:15:     grunt_enter_depths_giant_problem, layout_loops_ring, chequers_jeans,
          minivault_22, minmay_hidden_floor
Temple:   roderic_octagonal_lattice_temple
Lair:1:   layout_regular_city, hibernation_bobbens
Lair:2:   layout_chaotic_city, kennysheep_abandoned_house, uniq_gastronok
Lair:3:   layout_long_grid
Lair:4:   layout_cave_pods, elwin_shoals_entry_rocks, spider_nest_entry_webs,
          chequers_serial_rivers_room_a, chequers_serial_rivers_micro_d,
          chequers_serial_rivers_marsh
Lair:5:   layout_regular_city, slime_altar_1, infiniplex_staircase_pool,
          serial_bayou_shore_a, minmay_lair_oklob_chamber, grunt_megastairs_5,
          lemuel_fruit_tree, uniq_snorg
Lair:6:   guppyfry_lair_end_dragon, layout_small_grid, wormcave

Skill      XL: |  1  2  3  4  5  6  7  8  9 10 11 12 13 14 |
---------------+-------------------------------------------+-----
Throwing       | 2 6 8 |  8.0
Fighting       | 2 3 4 5 7 9 10 11 13 | 13.2
Hexes          | 3 4 5 6 7 8 9 |  9.0
Spellcasting   | 2 3 |  3.1
Fire Magic     | 1 2 |  2.0
Dodging        | 3 4 6 7 8 10 | 10.0
Polearms       | 1 |  1.8
Maces & Flails | 3 6 8 10 12 | 12.2
Evocations     | 3 5 |  5.0

Action                   |  1- 3 |  4- 6 |  7- 9 | 10-12 | 13-15 || total
-------------------------+-------+-------+-------+-------+-------++-------
Melee: Unarmed           |   150 |       |       |       |       ||   150
       Dagger            |    88 |   210 |       |       |       ||   298
       Halberd           |       |   144 |   439 |    71 |       ||   654
       Quarterstaff      |       |       |    18 |       |       ||    18
       Flail             |       |       |       |   725 |   897 ||  1622
Throw: Javelin           |    18 |    17 |     7 |     2 |     1 ||    45
       Stone             |     4 |     6 |     3 |     4 |       ||    17
       Dart              |       |     8 |     6 |    17 |     7 ||    38
       Throwing net      |       |       |     1 |     1 |       ||     2
       Boomerang         |       |       |       |    36 |       ||    36
 Cast: Corona            |    58 |    49 |     2 |     6 |    12 ||   127
       Slow              |     1 |    46 |    25 |   118 |   185 ||   375
       Inner Flame       |       |       |       |     3 |     3 ||     6
       Cause Fear        |       |       |       |    12 |    26 ||    38
       Spectral Weapon   |       |       |       |       |    21 ||    21
Invok: Potion Petition   |       |       |       |     1 |     4 ||     5
       Call Merchant     |       |       |       |       |     1 ||     1
Evoke: Wand              |       |     1 |       |     6 |    10 ||    17
  Use: Scroll            |     1 |     6 |     5 |    11 |     8 ||    31
 Stab: Sleeping          |       |     2 |     2 |     1 |     1 ||     6
       Distracted        |       |       |     1 |       |     6 ||     7
       Confused          |       |       |       |       |     1 ||     1
Armor: Robe              |    86 |    62 |   207 |   317 |   301 ||   973
Dodge: Dodged            |   205 |   177 |   325 |   920 |   883 ||  2510

Table legend:
 A = Non-vault XP
 B = Vault XP
 C = Vault XP percentage of total XP
 D = Non-vault monster count
 E = Vault monster count
 F = Vault count percentage of total count
                 A         B        C        D         E       F
            +---------+---------+-------+---------+---------+-------
      Total |   60658 |   47311 |  43.8 |     387 |     191 |  33.0
            +---------+---------+-------+---------+---------+-------
        D:1 |      26 |       1 |   3.7 |      14 |       1 |   6.7
        D:2 |      83 |       1 |   1.2 |      19 |       1 |   5.0
        D:3 |     308 |       0 |   0.0 |      43 |       0 |   0.0
        D:4 |     280 |       0 |   0.0 |      14 |       0 |   0.0
        D:5 |     495 |     248 |  33.4 |      13 |       7 |  35.0
        D:6 |    1149 |     102 |   8.2 |      23 |       1 |   4.2
        D:7 |     664 |    1140 |  63.2 |      18 |       6 |  25.0
        D:8 |     586 |    1647 |  73.8 |      15 |       2 |  11.8
        D:9 |    2381 |     502 |  17.4 |      33 |       4 |  10.8
       D:10 |    2399 |     510 |  17.5 |      18 |       5 |  21.7
       D:11 |    2548 |     567 |  18.2 |      27 |      19 |  41.3
       D:12 |    3890 |   12243 |  75.9 |      14 |      39 |  73.6
       D:13 |     503 |    4926 |  90.7 |       1 |       3 |  75.0
       D:14 |    2752 |       0 |   0.0 |       6 |       0 |   0.0
       D:15 |     876 |       0 |   0.0 |       3 |       0 |   0.0
     Lair:1 |    2426 |     205 |   7.8 |      12 |       1 |   7.7
     Lair:2 |    2259 |    2594 |  53.5 |      11 |      14 |  56.0
     Lair:3 |    4652 |       0 |   0.0 |      17 |       0 |   0.0
     Lair:4 |    4363 |    2673 |  38.0 |      16 |       7 |  30.4
     Lair:5 |   13097 |    2520 |  16.1 |      29 |       8 |  21.6
     Lair:6 |   14921 |   11071 |  42.6 |      41 |      32 |  43.8
    Ossuary |       0 |     306 | 100.0 |       0 |      26 | 100.0
   Gauntlet |       0 |    6055 | 100.0 |       0 |      15 | 100.0
            +---------+---------+-------+---------+---------+-------
